 Dungeon Crawl Stone Soup version 0.29-a0-1006-g0dd7720b37 (webtiles) character file.

Game seed: 7560559760374387872

96 drpainis the Chopper (level 4, -10/40 HPs)
             Began as a Hill Orc Fighter on Aug 6, 2022.
             Was an Initiate of Beogh.
             Killed by nerve-wracking pain
             ... invoked by an orc priest
              (12 damage)
             ... on level 3 of the Dungeon.
             The game lasted 00:04:15 (3262 turns).

drpainis the Chopper (Hill Orc Fighter)             Turns: 3262, Time: 00:04:16

Health: -10/40     AC: 10    Str: 20    XL:     4   Next: 67%
Magic:  4/4        EV:  7    Int:  8    God:    Beogh [......]
Gold:   197        SH:  4    Dex: 10    Spells: 3/3 levels left

rFire   . . .      SeeInvis .   a - +0 war axe
rCold   . . .      Faith    .   c - +0 buckler
rNeg    . . .      Spirit   .   l - +0 chain mail
rPois   .          Reflect  .   (no helmet)
rElec   .          Harm     .   (no cloak)
rCorr   .          Rampage  .   j - +0 pair of gloves
Will    .....                   (no boots)
Stlth   ..........              (no amulet)
HPRegen 0.13/turn               n - ring of flight
MPRegen 0.09/turn               (no ring)

@: flying
A: no striking features
a: Renounce Religion


You were on level 3 of the Dungeon.
You worshipped Beogh.
Beogh was noncommittal.
You visited 1 branch of the dungeon, and saw 4 of its levels.

You collected 197 gold pieces.

Inventory:

Hand Weapons
 a - a +0 war axe (weapon)
Missiles
 m - 6 poisoned darts (quivered)
Armour
 b - a +0 scale mail
 c - a +0 buckler (worn)
 j - a +0 pair of gloves (worn)
 l - a +0 chain mail (worn)
Jewellery
 n - a ring of flight (left hand)
Scrolls
 f - 3 scrolls of teleportation {unknown}
 g - a scroll of poison {unknown}
 h - a scroll of magic mapping {unknown}
 i - 2 scrolls of summoning {unknown}
 o - 2 scrolls of identify {unknown}
 q - a scroll of noise {unknown}
Potions
 d - 2 potions of might
 e - a potion of flight {unknown}
 k - a potion of curing {unknown}
 p - a potion of magic {unknown}


   Skills:
 + Level 4.1 Fighting
 + Level 4.7 Axes
 + Level 4.0 Armour
 + Level 0.2 Dodging
 + Level 3.6 Shields


You had 3 spell levels left.
You didn't know any spells.
Your spell library was empty.

Dungeon Overview and Level Annotations

Branches:
Dungeon (4/15)
 Temple: D:4-7

Altars:
Ru
Wu Jian

Annotations:
D:4 Menkaure


Message History

Done waiting.
There is a stone staircase leading down here.
You can't go up here!
You fly downwards.
Level annotation: Menkaure The orc barely misses you.
There is a stone staircase leading up here.
The orc priest hits you but does no damage.
The orc barely misses you.
You closely miss the orc.
You hit the orc priest but do no damage.
The orc priest barely misses you. The orc barely misses you.
The orc hits you with a +0 flail.
The orc priest hits you but does no damage.
You barely miss the orc. You hit the orc priest.
The orc priest hits you but does no damage.
The orc hits you but does no damage.
You barely miss the orc. You closely miss the orc priest.
The orc priest hits you with a +0 short sword.
The orc misses you. You block the orc priest's attack.
The orc hits you with a +0 flail.
You fly upwards.
There is a stone staircase leading down here.
You closely miss the orc priest.
The orc priest is heavily wounded.
You barely miss the orc.
The orc priest hits you with a +0 short sword.
The orc hits you with a +0 flail.
The orc priest shouts, "Die, drpainis, for besmirching Beogh's name!"
The orc priest calls down the wrath of Beogh upon you.
Beogh smites you!
* * * LOW HITPOINT WARNING * * *
The orc hits you with a +0 flail.
* * * LOW HITPOINT WARNING * * *
You hit the orc but do no damage. You barely miss the orc priest.
The orc completely misses you.
The orc priest invokes the aid of Beogh against you.
Pain shoots through your body!
You die...
Beogh appreciates the orc priest's killing of a heretic priest.

##########.##..#...#
#.... #.###.#.#.# #.###
#.###.#.#.# #.#..
#.....#.#.# #.#..
#####...#.# #.#..
######..#.# #.#..
#.........# #.#..
#.#####o############.#..
#.#...#@o............#..
#.#.#.################..
#.#.#.# #..
##########.#.#.# #..
.............#.# #.†
##########.###.# ##. #.#
#.# #.. #.###.# ###
#.....#


You could see an orc priest and an orc.

Vanquished Creatures
  A jelly (D:3)
  An adder (D:2)
  An ufetubus (D:3)
  A worm (D:2)
  A dart slug (D:1)
  An orc (D:4)
  4 ball pythons
  8 endoplasms
  5 giant cockroaches (D:1)
  3 hobgoblins
  4 jackals (D:3)
  5 kobolds
  2 quokkas
  3 bats
  2 frilled lizards
  4 goblins
  7 rats
53 creatures vanquished.

Notes
Turn   | Place    | Note
-------+----------+-------------------------------------------
     0 | D:1      | drpainis the Hill Orc Fighter began the quest for the Orb.
     0 | D:1      | Reached XP level 1. HP: 19/19 MP: 1/1
   211 | D:1      | Reached XP level 2. HP: 24/27 MP: 2/2
  1142 | D:2      | Reached XP level 3. HP: 31/33 MP: 3/3
  1390 | D:2      | Found Duugen's General Store.
  1952 | D:3      | Found a sacrificial altar of Ru.
  2119 | D:3      | Reached XP level 4. HP: 38/40 MP: 4/4
  2442 | D:3      | Found a faded altar of an unknown god.
  2604 | D:3      | Prayed at the altar of an unknown god.
  2604 | D:3      | Became a worshipper of the Wu Jian Council
  2604 | D:3      | Reached * piety under Wu Jian
  2866 | D:4      | Fell from the grace of Wu Jian
  2866 | D:4      | Became a worshipper of Beogh the Brigand
  2986 | D:4      | Noticed Menkaure
  3261 | D:3      | HP: 2/40 [orc/+0 flail (5)]
  3262 | D:3      | Killed from afar by an orc priest

Illustrated notes

Levels and vault maps discovered:
D:1:      dpeg_arrival_shrine, layout_basic, fountainhead
D:2:      layout_loops_ring, serial_shops, nicolae_shop_waterfront,
          bh_walls_and_bars
D:3:      layout_basic, mainiacjoe_overflow_24_doors,
          nicolae_ecumenical_pavilion
D:4:      layout_cave_pods, uniq_menkaure

Skill      XL: |  1  2  3  4 |
---------------+-------------+-----
Axes           | 3 4 |  4.7
Fighting       | 4 |  4.1
Armour         | 4 |  4.0
Dodging        | |  0.2
Shields        | |  3.6

Action                   |  1- 3 |  4- 6 || total
-------------------------+-------+-------++-------
Melee: War axe           |    76 |    35 ||   111
Invok: Lunge             |       |     1 ||     1
       Whirlwind         |       |     1 ||     1
       Convert to Beogh  |       |     1 ||     1
Armor: Scale mail        |    19 |       ||    19
       Chain mail        |    34 |    45 ||    79
Dodge: Dodged            |    22 |    19 ||    41
Block: Buckler           |    11 |    11 ||    22

Table legend: (Time is in decaauts)
 A = Elapsed time spent in this place.
 B = Non-inter-level travel time spent in this place.
 C = Inter-level travel time spent in this place.
 D = Time resting spent in this place.
 E = Time spent auto-exploring this place.
 F = Levels seen in this place.
 G = Mean time per level.
                   A        B        C        D        E       F      G
               +--------+--------+--------+--------+--------+-----+--------+
         Total |   3305 |   3275 |     30 |    333 |   2203 |   4 |  826.2 |
       Dungeon |   3305 |   3275 |     30 |    333 |   2203 |   4 |  826.2 |
               +--------+--------+--------+--------+--------+-----+--------+

Top non-repeatable levels by time:
     D:3: 1157 daAuts
     D:1: 1106 daAuts
     D:2: 850 daAuts
     D:4: 190 daAuts
